 Dungeon Crawl Stone Soup version 0.31-a0-240-gb923e448b6 (webtiles) character file.

Game seed: 2374852870686302276

132 qw the Shooter (level 5, -4/30 HPs)
             Began as a Gargoyle Hexslinger on July 11, 2023.
             Slain by a gnoll bouda
             ... wielding a +0 whip
              (10 damage)
             ... on level 3 of the Dungeon.
             The game lasted 00:01:01 (2515 turns).

qw the Shooter (Gargoyle Hexslinger)                Turns: 2515, Time: 00:01:02

Health: -4/30      AC:  9    Str: 11    XL:     5   Next: 15%
Magic:  6/6        EV: 10    Int: 14    God:
Gold:   126        SH:  0    Dex: 14    Spells: 5/6 levels left

rFire   . . .        Y - +2 sling
rCold   + . .        (no shield)
rNeg    + . .        b - +0 ring mail
rPois   inf          (no helmet)
rElec   +            (no cloak)
rCorr   .            (no gloves)
SInv    .            (no boots)
Will    .....        (no amulet)
Stlth   +            c - ring of protection from cold
HPRegen 0.25/turn    (no ring)
MPRegen 0.10/turn

%: no passive effects
@: about to teleport, weakened
A: sickness immunity, AC +4, negative energy resistance 1, electricity
resistance, torment resistance 1, petrification resistance
a: no special abilities


You were on level 3 of the Dungeon.
You visited 1 branch of the dungeon, and saw 4 of its levels.

You collected 126 gold pieces.


Innate Abilities, Weirdness & Mutations

You are immune to sickness and miasma.
Your stone body is resilient. (AC +4)
You are immune to poison.
You resist negative energy. (rN+)
You are resistant to electric shocks. (rElec)
You are resistant to unholy torment.
You are immune to petrification.


   Skills:
 - Level 2.0 Fighting
 - Level 4.9 Ranged Weapons
 + Level 0.0 Armour
 - Level 1.5 Dodging
 - Level 1.0 Spellcasting
 - Level 2.6 Hexes


You had 5 spell levels left.
You knew the following spells:

 Your Spells              Type           Power      Damage    Failure   Level
a - Slow                  Hex            32%        N/A       22%         1

Your spell library contained the following spells:

 Spells                   Type           Power      Damage    Failure   Level
 Inner Flame              Hex/Fire       4%         N/A       73%         3
 Portal Projectile        Hex/Tloc       8%         N/A       73%         3
 Cause Fear               Hex            4%         N/A       91%         4

Inventory:

Hand Weapons
 Y - a +2 sling (weapon)
Armour
 b - a +0 ring mail (worn)
Jewellery
 c - a ring of protection from cold (left hand)
 f - a ring of ice
Scrolls
 a - 2 scrolls of teleportation
 d - a scroll of identify
Potions
 g - a potion of curing {unknown}
 j - a potion of ambrosia {unknown}
 k - a potion of heal wounds {unknown}

Dungeon Overview and Level Annotations

Branches:
Dungeon (4/15)
 Temple: D:4-7

Altars:


Message History

You become entangled in the net!
You struggle against the net.
You struggle against the net.
You struggle against the net.
The gnoll closely misses you.
The gnoll bouda gazes fiercely through you!
You feel your attacks grow feeble.
You shred the net and break free!
The gnoll hits you but does no damage. x3
2510 ||| STAIRDANCE The gnoll closely misses you. x2
The gnoll bouda gazes fiercely through you!
You feel as though you will be weak longer.
The gnoll bouda hits you with a +0 whip!
The gnoll closely misses you.
You climb upwards.
There is a stone staircase leading down here.
You shoot a sling bullet.
The sling bullet hits the gnoll bouda but does no damage.
The gnoll bouda is lightly wounded.
The gnoll hits you with a +0 club.
The gnoll bouda hits you with a +0 whip!
The gnoll barely misses you.
The gnoll bouda gazes fiercely through you!
You feel as though you will be weak longer.
The gnoll bouda hits you with a +0 whip.
You shoot a sling bullet. The sling bullet hits the gnoll bouda!
The gnoll bouda is heavily wounded.
The gnoll closely misses you. The gnoll bouda closely misses you.
You shoot a sling bullet.
The sling bullet closely misses the gnoll bouda.
The gnoll closely misses you. The gnoll bouda barely misses you.
The gnoll hits you with a +0 club.
2515 ||| READING 3 scrolls of teleportation.
As you read the scroll of teleportation, it crumbles to dust.
You feel strangely unstable.
The gnoll bouda gazes fiercely through you!
You feel as though you will be weak longer.
The gnoll bouda hits you with a +0 whip!
You die...

# # ########### # ..........# #
#########.# # ........#.# #
#######.#.# # .....)).#.########
# ...............g@######## #
..#####...#.####g##.....#########
............>....................
.########.#.####.##.....#########
..........#..............<#
#########.#..###.##.....###
#.#..# #.##.....# #########.#..#
#.########
.............###.################


You could see a gnoll bouda and a gnoll (swift).

Vanquished Creatures
  4 adders
  3 gnolls (D:3)
  4 worms
  A dart slug (D:1)
  5 orcs (D:3)
  An endoplasm (D:2)
  2 giant cockroaches (D:1)
  2 goblins
  5 hobgoblins
  9 kobolds
  2 quokkas
  3 ball pythons (D:2)
  2 bats
  3 frilled lizards (D:3)
  6 rats
52 creatures vanquished.

Notes
Turn   | Place    | Note
-------+----------+-------------------------------------------
     0 | D:1      | qw the Gargoyle Hexslinger began the quest for the Orb.
     0 | D:1      | Reached XP level 1. HP: 12/12 MP: 2/2
     0 | D:1      | 0 ||| qw: Version: 0.3-a-52-g30416fa
     0 | D:1      | 0 ||| qw: Game counter: 6084
     0 | D:1      | 0 ||| qw: Melee chars always use a shield: true
     0 | D:1      | 0 ||| qw: God list: Okawaru
     0 | D:1      | 0 ||| qw: Allow faded altars: false
     0 | D:1      | 0 ||| qw: Do Orc after clearing Dungeon:15 true
     0 | D:1      | 0 ||| qw: Do second Lair branch before Depths: true
     0 | D:1      | 0 ||| qw: Lair rune preference: random
     0 | D:1      | 0 ||| qw: Goals: Normal
     0 | D:1      | 0 ||| PLANNING D:1-11
   194 | D:1      | Reached XP level 2. HP: 16/16 MP: 3/3
   378 | D:1      | Reached skill level 3 in Ranged Weapons
   606 | D:1      | 606 ||| UPGRADING to +0 leather armour.
   616 | D:1      | 616 ||| DROPPING +0 robe.
   617 | D:1      | 617 ||| READING scroll labelled QAILUNL SOYDAE.
   618 | D:1      | 618 ||| READING scroll labelled VODIYFOKAH.
   623 | D:1      | 623 ||| DROPPING scroll of poison.
   688 | D:2      | Reached XP level 3. HP: 21/21 MP: 4/4
  1101 | D:2      | Found a faded altar of an unknown god.
  1190 | D:2      | 1190 ||| READING 2 scrolls labelled DEUD QIMENYCS.
  1191 | D:2      | 1191 ||| READING scroll labelled GUESIS ZIM.
  1192 | D:2      | 1192 ||| DROPPING scroll of revelation.
  1244 | D:3      | Reached XP level 4. HP: 26/26 MP: 5/5
  1332 | D:3      | Reached skill level 4 in Ranged Weapons
  1335 | D:3      | HP: 5/26 [gnoll/+0 spear (4)]
  1336 | D:3      | 1336 ||| READING 5 scrolls of teleportation.
  1590 | D:3      | HP: 2/26 [gnoll/+0 flail (7)]
  1591 | D:3      | 1591 ||| READING 4 scrolls of teleportation.
  1596 | D:3      | 1596 ||| READING 3 scrolls of teleportation.
  1697 | D:3      | 1697 ||| Stepping ~*~*~tactically~*~*~ (outnumbered).
  1699 | D:3      | 1699 ||| Stepping ~*~*~tactically~*~*~ (outnumbered).
  1712 | D:3      | 1712 ||| FLEEEEING.
  1713 | D:3      | 1713 ||| FLEEEEING.
  1714 | D:3      | 1714 ||| FLEEEEING.
  1715 | D:3      | 1715 ||| FLEEEEING.
  1716 | D:3      | 1716 ||| FLEEEEING.
  1717 | D:3      | 1717 ||| FLEEEEING.
  1718 | D:3      | 1718 ||| FLEEEEING.
  1719 | D:3      | 1719 ||| FLEEEEING.
  1720 | D:3      | 1720 ||| FLEEEEING.
  1721 | D:3      | 1721 ||| FLEEEEING.
  1722 | D:3      | 1722 ||| FLEEEEING.
  1723 | D:3      | 1723 ||| FLEEEEING.
  1724 | D:3      | 1724 ||| FLEEEEING.
  1725 | D:3      | 1725 ||| FLEEEEING.
  1726 | D:3      | 1726 ||| FLEEEEING.
  1727 | D:3      | 1727 ||| FLEEEEING.
  1728 | D:3      | 1728 ||| FLEEEEING.
  1729 | D:3      | 1729 ||| FLEEEEING.
  1730 | D:3      | 1730 ||| FLEEEEING.
  1731 | D:3      | 1731 ||| FLEEEEING.
  1732 | D:3      | 1732 ||| FLEEEEING.
  1733 | D:3      | 1733 ||| FLEEEEING.
  1734 | D:3      | 1734 ||| FLEEEEING.
  1739 | D:3      | 1739 ||| Stepping ~*~*~tactically~*~*~ (outnumbered).
  1801 | D:3      | Reached XP level 5. HP: 26/30 MP: 6/6
  2454 | D:3      | 2454 ||| UPGRADING to +0 ring mail.
  2464 | D:3      | 2464 ||| DROPPING +0 leather armour.
  2465 | D:3      | 2465 ||| UPGRADING to ring of protection from cold.
  2466 | D:3      | 2466 ||| READING scroll labelled HEACWE YZODD.
  2467 | D:3      | 2467 ||| READING scroll labelled BESHUG YRUO.
  2504 | D:4      | 2504 ||| PLANNING SEWER
  2510 | D:4      | 2510 ||| STAIRDANCE
  2514 | D:3      | HP: 6/30 [gnoll/+0 club[a gnoll bouda] (4)]
  2515 | D:3      | 2515 ||| READING 3 scrolls of teleportation.
  2515 | D:3      | Slain by a gnoll bouda

Levels and vault maps discovered:
D:1:      minmay_arrival_arboretum_small, layout_loops_ring
D:2:      cheibrodos_old_hovel, layout_basic, chequers_ecumenical_altar_twisty
D:3:      layout_basic, lexackson_kobold_supper
D:4:      layout_layer_cave, gup_sewer_entry_bowl, gammafunk_ghost_mausoleum,
          serial_shops, nicolae_shop_temple_entry_statues_fountains,
          nicolae_shop_getting_attention, shop, dk_noncrumbling_4,
          chequers_serial_rivers_micro_b

Skill      XL: |  1  2  3  4 |
---------------+-------------+-----
Ranged Weapons | 3 4 |  4.9
Fighting       | 2 |  2.0
Dodging        | |  1.5
Spellcasting   | |  1.0
Hexes          | |  2.6

Action                     |  1- 3 |  4- 6 || total
---------------------------+-------+-------++-------
   Fire: Sling             |   129 |   110 ||   239
    Use: Scroll            |     4 |     6 ||    10
 Armour: Robe              |     7 |       ||     7
         Leather armour    |    20 |    18 ||    38
         Ring mail         |       |     3 ||     3
  Dodge: Dodged            |    56 |    49 ||   105

Table legend:
 A = Non-vault XP
 B = Vault XP
 C = Vault XP percentage of total XP
 D = Non-vault monster count
 E = Vault monster count
 F = Vault count percentage of total count
                 A         B        C        D         E       F
            +---------+---------+-------+---------+---------+-------
      Total |     176 |      13 |   6.9 |      44 |       8 |  15.4
            +---------+---------+-------+---------+---------+-------
        D:1 |      26 |       0 |   0.0 |      14 |       0 |   0.0
        D:2 |      45 |       5 |  10.0 |      11 |       1 |   8.3
        D:3 |     105 |       8 |   7.1 |      19 |       7 |  26.9
            +---------+---------+-------+---------+---------+-------
